 Dungeon Crawl Stone Soup version 0.28.0-53-g5a82cb258f (webtiles) character file.

Game seed: 5280887194546625820

504 clackabat the Cudgeller (level 7, 0/41 HPs)
             Began as a Gargoyle Fighter on July 14, 2022.
             Was a Follower of Okawaru.
             Slain by a phantom (4 damage)
             ... on level 5 of the Dungeon.
             The game lasted 00:06:37 (3996 turns).

clackabat the Cudgeller (Gargoyle Fighter)          Turns: 3996, Time: 00:06:38

Health: 0/41       AC: 18    Str: 19    XL:     7   Next: 17%
Magic:  4/7        EV:  8    Int: 11    God:    Okawaru [*.....]
Gold:   186        SH:  5    Dex:  9    Spells: 6/6 levels left

rFire   . . .      SeeInvis .   a - +1 flail
rCold   + . .      Faith    .   c - +0 buckler
rNeg    + . .      Spirit   .   p - +0 chain mail
rPois   ∞          Reflect  .   (no helmet)
rElec   +          Harm     .   (no cloak)
rCorr   .          Rampage  .   (no gloves)
Will    .....                   m - +1 pair of boots
Stlth   ..........              (no amulet)
HPRegen 0.13/turn               f - ring of protection from cold
MPRegen 0.10/turn               (no ring)

@: mighty, heroic
A: sickness immunity, AC +4, negative energy resistance 1, electricity
resistance, torment resistance 1, petrification resistance
a: Renounce Religion, Heroism


You were on level 5 of the Dungeon.
You worshipped Okawaru.
Okawaru was aware of your devotion.
You visited 2 branches of the dungeon, and saw 6 of its levels.

You collected 186 gold pieces.

Inventory:

Hand Weapons
 a - a +1 flail (weapon)
Missiles
 i - 2 throwing nets
 n - 4 javelins (quivered)
Armour
 b - a +0 scale mail
 c - a +0 buckler (worn)
 m - a +1 pair of boots (worn)
 p - a +0 chain mail (worn)
Jewellery
 f - a ring of protection from cold (left hand)
Wands
 j - a wand of iceblast (5)
Scrolls
 e - a scroll of fog
 h - 4 scrolls of teleportation
Potions
 g - 2 potions of resistance
 k - a potion of flight
 o - a potion of cancellation {unknown}


   Skills:
 - Level 3.2(8.2) Fighting
 * Level 6.9(11.9) Maces & Flails
 - Level 4.1(9.1) Armour
 - Level 4.0(9.0) Shields


You had 6 spell levels left.
You didn't know any spells.
Your spell library contained the following spells:

 Spells                   Type           Power      Damage    Failure   Level
 Blink                    Tloc           0%         N/A       99%         2
 Lesser Beckoning         Tloc           0%         N/A       100%        3
 Manifold Assault         Tloc           0%         N/A       100%        5


Dungeon Overview and Level Annotations

Branches:
Dungeon (5/15)             Temple (1/1) D:4

Altars:
Ashenzari
Cheibriados
Dithmenos
Elyvilon
Fedhas
Hepliaklqana
Makhleb
Okawaru
Qazlal
Ru
Trog
Uskayaw
Vehumet
Wu Jian

Shops:
D:1 [   D:3 [


Innate Abilities, Weirdness & Mutations

You are immune to sickness and miasma.
Your stone body is resilient. (AC +4)
You are immune to poison.
You resist negative energy. (rN+)
You are resistant to electric shocks. (rElec)
You are resistant to unholy torment.
You are immune to petrification.


Message History

The orc priest calls down the wrath of Beogh upon you.
Pain shoots through your body!
You barely miss the orc priest.
The orc priest hits you but does no damage.
The orc priest looks satisfied for a moment.
You completely miss the orc priest.
The orc priest hits you but does no damage.
You sock the orc priest!
The orc priest is severely wounded.
The orc priest mumbles some strange prayers to Beogh against you.
Beogh smites you!
* * * LOW HITPOINT WARNING * * *
You sock the orc priest!
You kill the orc priest!
Okawaru accepts your kill. The adder bites you but does no damage.
You miss the adder. The adder bites you but does no damage.
A phantom comes into view.
You miss the adder.
The adder bites you but does no damage. x2
You bludgeon the adder!!
You kill the adder!
Okawaru accepts your kill.
It was a potion of curing.
You feel better. You block the iguana's attack.
You completely miss the iguana. The iguana bites you!
* * * LOW HITPOINT WARNING * * *
You closely miss the iguana. The iguana closely misses you.
The iguana completely misses you.
You sock the iguana!
The iguana is severely wounded.
The iguana barely misses you.
You gain the combat prowess of a mighty hero.
The iguana bites you.
* * * LOW HITPOINT WARNING * * *
You bludgeon the iguana!!
You kill the iguana!
Okawaru accepts your kill.
You barely miss the phantom.
The phantom hits you but does no damage.
You closely miss the phantom. The phantom hits you.
You die...

#...<#.###..(.....
#####.#.##..........##
#.......##............
#.......##........####
#.......##).......#
#####.####......#.....
#.####.........#..
#>...+ +.. #@#### #..
#W# #.. #....o....o..
... #.....[.o...o ...
#..###.###..o #... ..
.. #.. ... ... ... ##.
...#


You could see a phantom and an orc.

Vanquished Creatures
  A sky beast (D:5)
  A phantom (D:5)
  A hound (D:4)
  An orc priest (D:5)
  A jelly (D:5)
  2 iguanas
  2 orc wizards
  4 gnolls (D:4)
  4 adders
  2 worms
  3 orcs
  A ball python (D:1)
  3 bats
  5 endoplasms
  2 giant cockroaches
  5 goblins
  11 hobgoblins
  3 jackals (D:1)
  6 quokkas
  2 frilled lizards (D:1)
  3 kobolds
  8 rats
71 creatures vanquished.

Notes
Turn   | Place    | Note
-------+----------+-------------------------------------------
     0 | D:1      | clackabat the Gargoyle Fighter began the quest for the Orb.
     0 | D:1      | Reached XP level 1. HP: 14/14 MP: 1/1
   136 | D:1      | Reached XP level 2. HP: 15/19 MP: 2/2
   382 | D:1      | Found Ogetzy's Antique Armour Shoppe.
   670 | D:1      | Reached XP level 3. HP: 23/23 MP: 3/3
  1036 | D:2      | Found a stormy altar of Qazlal.
  1084 | D:2      | Reached skill level 3 in Maces & Flails
  1351 | D:2      | Reached XP level 4. HP: 24/28 MP: 4/4
  1460 | D:2      | Found a faded altar of an unknown god.
  2871 | D:3      | Found Forir's Antique Armour Shop.
  3181 | D:4      | Found a staircase to the Ecumenical Temple.
  3191 | D:4      | Reached skill level 4 in Maces & Flails
  3191 | D:4      | Reached XP level 5. HP: 27/32 MP: 5/5
  3204 | Temple   | Entered the Ecumenical Temple
  3211 | Temple   | Became a worshipper of Warmaster Okawaru
  3394 | D:4      | Found a shadowy altar of Dithmenos.
  3537 | D:4      | Reached skill level 5 in Maces & Flails
  3745 | D:5      | Entered Level 5 of the Dungeon
  3795 | D:5      | Reached XP level 6. HP: 34/37 MP: 6/6
  3963 | D:5      | Reached * piety under Okawaru
  3964 | D:5      | Noticed a sky beast
  3972 | D:5      | Killed a sky beast
  3973 | D:5      | Reached skill level 6 in Maces & Flails
  3979 | D:5      | Reached XP level 7. HP: 16/41 MP: 5/7
  3996 | D:5      | Slain by a phantom

Illustrated notes

Levels and vault maps discovered:
D:1:      dpeg_arrival_leaves_temple_mockup, layout_basic, serial_shops, shop
D:2:      layout_loops_ring, basic_altar, nicolae_ecumenical_lake_church
D:3:      layout_basic, serial_shops, shop
D:4:      layout_rooms, grunt_dithmenos_smoke, minmay_temple_entry_crystal_x
D:5:      layout_basic, minmay_chambers_of_fives
Temple:   eino_temple_lava

Skill      XL: |  1  2  3  4  5  6 |
---------------+-------------------+-----
Maces & Flails | 3 4 5 6 |  6.9
Armour         | 4 |  4.1
Shields        | 4 |  4.0
Fighting       | |  3.2

Action                   |  1- 3 |  4- 6 |  7- 9 || total
-------------------------+-------+-------+-------++-------
Melee: Flail             |   132 |   128 |    15 ||   275
Invok: Heroism           |       |     1 |     1 ||     2
  Use: Scroll            |       |    10 |       ||    10
       Potion            |       |     1 |     2 ||     3
Armor: Scale mail        |    73 |    28 |       ||   101
       Chain mail        |       |    56 |     8 ||    64
Dodge: Dodged            |    59 |    46 |     3 ||   108
Block: Buckler           |    29 |    23 |     1 ||    53
